 Dungeon Sprint DCSS version 0.27-a0-1140-g099f9bb0e8 (webtiles) character file.

Game seed: 15814202912691246496

51 mhtbhm the Chiller (level 3, -2/19 HPs)
             Began as a Deep Elf Ice Elementalist on May 9, 2021.
             Was a Believer of Vehumet.
             Slain by a gnoll
             ... wielding a +0 spear
              (6 damage)
             ... while paralysed by a floating eye
             ... in the Dungeon (Sprint VII: "The Pits").
             The game lasted 00:01:52 (713 turns).

mhtbhm the Chiller (Deep Elf Ice Elementalist)       Turns: 713, Time: 00:01:53

Health: -2/19      AC:  2    Str:  5    XL:     3   Next: 58%
Magic:  5/12       EV:  2    Int: 20    God:    Vehumet [**....]
Gold:   0          SH:  0    Dex: 15    Spells: 12/14 levels left

rFire    . . .     SeeInvis .   k - +2 quarterstaff
rCold    . . .     Faith    .   (shield currently unavailable)
rNeg     . . .     Spirit   .   a - +0 robe
rPois    .         Reflect  .   (no helmet)
rElec    .         Harm     .   (no cloak)
rCorr    .         Rampage  .   (no gloves)
Will     .....     NoTele   +   (no boots)
Stlth    ++........             (no amulet)
HPRegen  0.06/turn              (no ring)
MPRegen  0.13/turn              (no ring)

@: paralysed
A: no striking features
a: Renounce Religion


You were in the Dungeon.
You worshipped Vehumet.
Vehumet was pleased with you.
You visited 1 branch

Inventory:

Hand Weapons
 k - a +2 quarterstaff (weapon)
Armour
 a - a +0 robe (worn)
Scrolls
 h - a scroll of blinking
 i - 5 scrolls of amnesia
 j - a scroll of summoning
Potions
 b - 2 potions of invisibility
 c - a potion of curing
 e - a potion of haste
 f - 4 potions of magic
 g - 3 potions of berserk rage


   Skills:
 + Level 3.1 Dodging
 - Level 2.8 Stealth
 + Level 6.0 Spellcasting
 + Level 0.5 Conjurations
 + Level 7.3 Ice Magic
 + Level 0.7 Air Magic


You had 12 spell levels left.
You knew the following spells:

 Your Spells              Type           Power      Damage    Failure   Level
a - Freeze                Ice            100%       1d11      1%          1
b - Shock                 Conj/Air       32%        1d5       9%          1

Your spell library contained the following spells:

 Spells                   Type           Power      Damage    Failure   Level
 Static Discharge         Conj/Air       8%         N/A       12%         2
 Frozen Ramparts          Ice            70%        1d9       1%          3
 Ozocubu's Armour         Ice            35%        N/A       1%          3
 Hailstorm                Conj/Ice       21%        3d6       21%         4
 Metabolic Englaciation   Hex/Ice        10%        N/A       54%         5


Dungeon Overview and Level Annotations

Branches:
Dungeon (1/1)

Altars:
Ashenzari
Cheibriados
Dithmenos
Elyvilon
Fedhas
Gozag
Hepliaklqana
Kikubaaqudgha
Makhleb
Nemelex Xobeh
Okawaru
Qazlal
Ru
Sif Muna
Trog
Uskayaw
Vehumet
Wu Jian
Xom
Yredelemnul
Zin
The Shining One
Beogh
Jiyva
Lugonu


Message History

The floating eye is lightly wounded.
The zap hits the goblin.
You kill the goblin!
Vehumet accepts your kill.
You feel your power returning.
The zap hits the gnoll.
The gnoll is moderately wounded.
The floating eye seems to glare at you.
Your Spellcasting skill increases to level 6!
Unknown command.
Unknown command.
Unknown command.
Casting: Shock (safe; 9% risk of failure)
Confirm with . or Enter, or press ? or * to list all spells.
Aiming: Shock (safe; 9% risk of failure)
Press: ? - help, Shift-Dir - straight line, f/p - gnoll
Aim: a gnoll, wielding a +0 spear (moderately wounded, 72% to hit)
The zap hits the floating eye.
The floating eye is moderately wounded.
The zap hits the gnoll.
The gnoll is moderately wounded.
The gnoll hits you from afar with a +0 spear!
Ouch! That really hurt!
Unknown command.
Unknown command.
Casting: Shock (safe; 9% risk of failure)
Confirm with . or Enter, or press ? or * to list all spells.
Aiming: Shock (safe; 9% risk of failure)
Press: ? - help, Shift-Dir - straight line, f/p - gnoll
Aim: a gnoll, wielding a +0 spear (moderately wounded, 72% to hit)
The zap hits the floating eye.
The floating eye is moderately wounded.
The zap hits the gnoll.
The gnoll is severely wounded.
The gnoll misses you.
The floating eye gazes piercingly through you!
You suddenly lose the ability to move!
The gnoll hits you from afar with a +0 spear.
* * * LOW HITPOINT WARNING * * *
The gnoll hits you from afar with a +0 spear.
You die...

#_________.#
#_________.#
#_______...##########
##########'##........
#.?(.')))'.##......#.
##########.##........
#.....÷....÷'........
#+#####'#####......#.
#.@#..#..##........
#.G†..'..#####'####
##g####+###.......#
... #.......# #....
#.......# #####+
#...<...# #.......#
#.......# #.......#


You could see a floating eye and a gnoll.

Vanquished Creatures
  A hound (D)
  An adder (D)
  A giant cockroach (D)
  A goblin (D)
  7 jackals (D)
  A quokka (D)
  A jackal skeleton (D)
13 creatures vanquished.

Notes
Turn   | Place    | Note
-------+----------+-------------------------------------------
     0 | D        | mhtbhm the Deep Elf Ice Elementalist began the quest for
                  | the Orb.
     0 | D        | Reached XP level 1. HP: 10/10 MP: 6/6
    20 | D        | Reached skill level 5 in Ice Magic
   295 | D        | Found a bloodstained altar of Trog.
   295 | D        | Found a shimmering blue altar of Sif Muna.
   295 | D        | Found a viscous altar of Jiyva.
   295 | D        | Found a hazy altar of Hepliaklqana.
   295 | D        | Found an opulent altar of Gozag.
   296 | D        | Found a glowing golden altar of the Shining One.
   296 | D        | Found a glowing silver altar of Zin.
   296 | D        | Found a basalt altar of Yredelemnul.
   296 | D        | Found a shimmering altar of Xom.
   296 | D        | Found an ornate altar of the Wu Jian Council.
   296 | D        | Found a sacrificial altar of Ru.
   296 | D        | Found a stormy altar of Qazlal.
   296 | D        | Found an iron altar of Okawaru.
   296 | D        | Found a sparkling altar of Nemelex Xobeh.
   296 | D        | Found a burning altar of Makhleb.
   296 | D        | Found a blossoming altar of Fedhas.
   296 | D        | Found a white marble altar of Elyvilon.
   296 | D        | Found a shadowy altar of Dithmenos.
   296 | D        | Found a snail-covered altar of Cheibriados.
   298 | D        | Found a radiant altar of Vehumet.
   298 | D        | Found a corrupted altar of Lugonu.
   299 | D        | Found a hide-covered altar of Uskayaw.
   299 | D        | Found an ancient bone altar of Kikubaaqudgha.
   299 | D        | Found a broken altar of Ashenzari.
   306 | D        | Became a worshipper of Vehumet
   330 | D        | Reached XP level 2. HP: 13/15 MP: 3/8
   331 | D        | Reached * piety under Vehumet
   331 | D        | Offered knowledge of Shock by Vehumet.
   395 | D        | Learned a level 1 spell: Shock
   412 | D        | Reached skill level 6 in Ice Magic
   568 | D        | Offered knowledge of Static Discharge by Vehumet.
   568 | D        | Reached ** piety under Vehumet
   700 | D        | Noticed a floating eye
   703 | D        | Paralysed by a floating eye for 3 turns
   707 | D        | Reached skill level 5 in Spellcasting
   707 | D        | Reached skill level 7 in Ice Magic
   707 | D        | Reached XP level 3. HP: 2/19 MP: 6/12
   711 | D        | Paralysed by a floating eye for 3 turns
   713 | D        | Slain by a gnoll

Illustrated notes

Levels and vault maps discovered:
D:        pitsprint [storerooms_1, entrance_room_1, metal_vault_7, armoury_1,
          mini_pit_1, grid_room_1, main_hall_1, silver_pit, the_coven_3,
          the_vestibule_1, steel_vault_1, golden_pit, hallway_of_sentries,
          crystal_vault_4, iron_vault_1, final_vault]

Skill      XL: |  1  2  3 |
---------------+----------+-----
Ice Magic      | 5 7 |  7.3
Spellcasting   | 5 6 |  6.0
Dodging        | 3 |  3.1
Stealth        | |  2.8
Conjurations   | |  0.5
Air Magic      | |  0.7

Action                   || total
-------------------------++-------
 Cast: Freeze            ||    21
       Shock             ||     9
  Use: Potion            ||     1
Armor: Robe              ||     4
Dodge: Dodged            ||    12

Table legend: (Time is in decaauts)
 A = Elapsed time spent in this place.
 B = Non-inter-level travel time spent in this place.
 C = Inter-level travel time spent in this place.
 D = Time resting spent in this place.
 E = Time spent auto-exploring this place.
 F = Levels seen in this place.
 G = Mean time per level.
                   A        B        C        D        E       F      G
               +--------+--------+--------+--------+--------+-----+--------+
         Total |    712 |    712 |      0 |    572 |      0 |   1 |  712.0 |
       Dungeon |    712 |    712 |      0 |    572 |      0 |   1 |  712.0 |
               +--------+--------+--------+--------+--------+-----+--------+

Top non-repeatable levels by time:
       D: 712 daAuts
